 Dungeon Crawl Stone Soup version 0.31-a0-164-g2312942fda (webtiles) character file.

Game seed: 14097042651416649172

130 qw the Shooter (level 5, 0/49 HPs)
             Began as a Naga Hunter on June 13, 2023.
             Slain by a goblin
             ... wielding a +0 club
             ... led by Robin
              (1 damage)
             ... on level 2 of the Dungeon.
             The game lasted 00:00:24 (1000 turns).

qw the Shooter (Naga Hunter)                        Turns: 1000, Time: 00:00:25

Health: 0/49       AC:  3    Str: 14    XL:     5   Next: 13%
Magic:  5/5        EV:  9    Int:  9    God:
Gold:   102        SH:  0    Dex: 16    Spells: 4/4 levels left

rFire   . . .        Y - +0 shortbow (heavy)
rCold   . . .        (shield currently unavailable)
rNeg    . . .        c - +0 leather armour
rPois   +            (no helmet)
rElec   .            (no cloak)
rCorr   .            (no gloves)
SInv    +            (no barding)
Will    .....        (no amulet)
Stlth   ++           (no ring)
HPRegen 0.28/turn    (no ring)
MPRegen 0.09/turn

%: no passive effects
@: short of breath, very slow
A: AC +1, large, see invisible, deformed body, poison resistance, slowness 2,
spit poison 1, naga tail 1
a: Spit Poison


You were on level 2 of the Dungeon.
You visited 1 branch of the dungeon, and saw 2 of its levels.

You collected 102 gold pieces.


Innate Abilities, Weirdness & Mutations

Your serpentine skin is tough. (AC +1)
You have supernaturally acute eyesight. (SInv)
Armour fits poorly on your strangely shaped body.
Your system is resistant to poisons. (rPois)
You cover ground very slowly.
You can spit poison.
You have a snake-like lower body.


   Skills:
 - Level 3.0 Fighting
 + Level 5.3 Ranged Weapons
 - Level 1.5 Dodging
 - Level 1.5 Stealth


You had 4 spell levels left.
You didn't know any spells.
Your spell library was empty.

Inventory:

Hand Weapons
 Y - a +0 heavy shortbow (weapon)
Armour
 c - a +0 leather armour (worn)
Scrolls
 b - 3 scrolls of identify
 d - a scroll of enchant weapon {unknown}
Potions
 a - 2 potions of curing {unknown}
 f - 2 potions of ambrosia {unknown}

Dungeon Overview and Level Annotations

Branches:
Dungeon (2/15)

Altars:

Shops:
D:1 [


Message History

The goblin barely misses you. The goblin hits you with a +0 dagger.
The goblin hits you with a +0 club.
You shoot an arrow. The arrow closely misses the goblin.
The goblin hits you with a +0 dagger. Robin barely misses you.
The goblin hits you with a +0 club. The goblin hits you but does no damage.
Robin hits you with a +0 dagger.
You shoot an arrow. The arrow hits the goblin!
You kill the goblin!
You have got your breath back.
The goblin hits you with a +0 club.
Robin roars a battlecry!
The goblins go into a battle-frenzy!
The goblin hits you with a +0 club.
996 ||| INVOKING Spit Poison.
Aiming: Spit Poison (1% risk of failure)
Press: ? - help, Shift-Dir - straight line, f - Robin The splash of poison hits Robin.
Robin is poisoned.
Robin is heavily wounded.
The goblin hits you with a +0 club.
You shoot an arrow. The arrow barely misses Robin.
Robin hits you with a +0 dagger. The goblin barely misses you.
A goblin comes into view. It is wielding a +0 club.
The goblin misses you. Robin hits you but does no damage.
The goblin hits you with a +0 club.
You shoot an arrow. The arrow hits Robin!
You kill Robin!
The goblin barely misses you. x2; The goblin hits you but does no damage.
The goblin hits you with a +0 club. The goblin completely misses you.
You shoot an arrow. The arrow hits the goblin!
You kill the goblin!
You have got your breath back.
The goblin hits you but does no damage. The goblin hits you with a +0 club.
The goblin hits you but does no damage. The goblin barely misses you.
The hobgoblin hits you but does no damage.
1000 ||| INVOKING Spit Poison.
Aiming: Spit Poison (1% risk of failure)
Press: ? - help, Shift-Dir - straight line, f - hobgoblin The splash of poison misses the hobgoblin.
The goblin hits you with a +0 club.
You die...

##########.### ###
#.......... ..#
##############....
###
#......(..........
##.############....
#....# #.... #....#
#.... ########....#
#.... ........g)###
#.... #########@g.#
##### ........g#.#
.#########'# ..g
..g.g


#..gggg #####..g .... ....# You could see a hobgoblin (strong) and 2 goblins.

Vanquished Creatures
  A jelly (D:2)
  Robin (D:2)
  5 adders (D:2)
  2 ball pythons (D:1)
  An endoplasm (D:2)
  12 goblins
  3 hobgoblins
  2 jackals (D:1)
  A quokka (D:1)
  5 bats (D:1)
  3 frilled lizards
  4 kobolds
  3 rats
43 creatures vanquished.

Notes
Turn   | Place    | Note
-------+----------+-------------------------------------------
     0 | D:1      | qw the Naga Hunter began the quest for the Orb.
     0 | D:1      | Reached XP level 1. HP: 19/19 MP: 1/1
     0 | D:1      | 0 ||| qw: Version: 0.2-a-29-gc1b59c4
     0 | D:1      | 0 ||| qw: Game counter: 4598
     0 | D:1      | 0 ||| qw: Always use a shield: true
     0 | D:1      | 0 ||| qw: God list: Okawaru
     0 | D:1      | 0 ||| qw: Allow faded altars: false
     0 | D:1      | 0 ||| qw: Do Orc after D:15 true
     0 | D:1      | 0 ||| qw: Do second Lair branch before Depths: true
     0 | D:1      | 0 ||| qw: Lair rune preference: random
     0 | D:1      | 0 ||| qw: Plans: Normal
     0 | D:1      | 0 ||| PLANNING D:1-11
    18 | D:1      | 18 ||| INVOKING Spit Poison.
    47 | D:1      | 47 ||| INVOKING Spit Poison.
    51 | D:1      | Reached skill level 4 in Ranged Weapons
    51 | D:1      | Reached XP level 2. HP: 26/26 MP: 2/2
    83 | D:1      | Found Qomaopt's Antique Armour Shop.
    90 | D:1      | 90 ||| INVOKING Spit Poison.
    92 | D:1      | 92 ||| SHOPLISTING runed robe (92 gold, have 17).
   133 | D:1      | Found a faded altar of an unknown god.
   135 | D:1      | 135 ||| INVOKING Spit Poison.
   139 | D:1      | 139 ||| INVOKING Spit Poison.
   284 | D:1      | 284 ||| INVOKING Spit Poison.
   295 | D:1      | 295 ||| INVOKING Spit Poison.
   421 | D:1      | 421 ||| READING scroll labelled RYTSIOH HALA.
   422 | D:1      | 422 ||| READING scroll labelled ZITSOU FUNAC.
   427 | D:1      | 427 ||| READING scroll labelled FIENOT IWNAPH.
   428 | D:1      | 428 ||| READING scroll labelled ONASAE PEXEO.
   429 | D:1      | 429 ||| DROPPING scroll of butterflies.
   463 | D:2      | 463 ||| INVOKING Spit Poison.
   467 | D:2      | 467 ||| INVOKING Spit Poison.
   468 | D:2      | Reached XP level 3. HP: 17/32 MP: 3/3
   549 | D:2      | 549 ||| INVOKING Spit Poison.
   559 | D:2      | 559 ||| INVOKING Spit Poison.
   581 | D:2      | 581 ||| INVOKING Spit Poison.
   584 | D:2      | 584 ||| INVOKING Spit Poison.
   588 | D:2      | 588 ||| INVOKING Spit Poison.
   599 | D:2      | 599 ||| INVOKING Spit Poison.
   646 | D:2      | 646 ||| INVOKING Spit Poison.
   651 | D:2      | 651 ||| INVOKING Spit Poison.
   652 | D:2      | Reached skill level 5 in Ranged Weapons
   652 | D:2      | Reached XP level 4. HP: 29/39 MP: 4/4
   743 | D:2      | 743 ||| INVOKING Spit Poison.
   818 | D:2      | 818 ||| INVOKING Spit Poison.
   821 | D:2      | 821 ||| INVOKING Spit Poison.
   858 | D:2      | 858 ||| INVOKING Spit Poison.
   867 | D:2      | Reached skill level 3 in Fighting
   979 | D:2      | Identified the +0 helmet "Hivuumi" {Int+2 Dex+2}
   979 | D:2      | Noticed Robin
   980 | D:2      | 980 ||| Stepping ~*~*~tactically~*~*~ (outnumbered).
   981 | D:2      | 981 ||| Stepping ~*~*~tactically~*~*~ (outnumbered).
   982 | D:2      | 982 ||| Stepping ~*~*~tactically~*~*~ (outnumbered).
   983 | D:2      | 983 ||| INVOKING Spit Poison.
   987 | D:2      | 987 ||| INVOKING Spit Poison.
   990 | D:2      | Reached XP level 5. HP: 39/49 MP: 5/5
   991 | D:2      | 991 ||| INVOKING Spit Poison.
   996 | D:2      | 996 ||| INVOKING Spit Poison.
   997 | D:2      | HP: 8/49 [goblin/+0 club[Robin] (6)]
   998 | D:2      | Killed Robin
   999 | D:2      | HP: 1/49 [goblin/+0 club[Robin] (5)]
  1000 | D:2      | 1000 ||| INVOKING Spit Poison.
  1000 | D:2      | Slain by a goblin

Levels and vault maps discovered:
D:1:      dpeg_arrival_simpleton_b, layout_rooms, serial_shops, shop,
          hellmonk_ecumenical_altar_dog_temple
D:2:      layout_basic, minmay_hedge_maze, kennysheep_path_1,
          minmay_tree_intersection, uniq_robin, uniq_sigmund, uniq_terence

Skill      XL: |  1  2  3  4 |
---------------+-------------+-----
Ranged Weapons | 4 5 |  5.3
Fighting       | 3 |  3.0
Dodging        | |  1.5
Stealth        | |  1.5

Action                     |  1- 3 |  4- 6 || total
---------------------------+-------+-------++-------
   Fire: Shortbow          |    36 |    27 ||    63
Ability: Spit Poison       |    17 |     9 ||    26
    Use: Scroll            |     4 |       ||     4
 Armour: Leather armour    |     7 |    12 ||    19
  Dodge: Dodged            |     8 |    13 ||    21

Table legend:
 A = Non-vault XP
 B = Vault XP
 C = Vault XP percentage of total XP
 D = Non-vault monster count
 E = Vault monster count
 F = Vault count percentage of total count
                 A         B        C        D         E       F
            +---------+---------+-------+---------+---------+-------
      Total |     150 |      36 |  19.4 |      31 |      12 |  27.9
            +---------+---------+-------+---------+---------+-------
        D:1 |      24 |       4 |  14.3 |      16 |       2 |  11.1
        D:2 |     126 |      32 |  20.3 |      15 |      10 |  40.0
            +---------+---------+-------+---------+---------+-------
